 Dungeon Crawl Stone Soup version 0.29-a0-821-g66395355a5 (webtiles) character file.

Game seed: 702443721753479460

7 jimonade the Grave Robber (level 1, -6/14 HPs)
             Began as a Mummy Necromancer on July 7, 2022.
             Mangled by a gnoll
             ... wielding a +0 spear
              (7 damage)
             ... on level 1 of the Dungeon.
             The game lasted 00:00:59 (122 turns).

jimonade the Grave Robber (Mummy Necromancer)        Turns: 122, Time: 00:01:00

Health: -6/14      AC:  2    Str: 11    XL:     1   Next: 83%
Magic:  1/4        EV: 12    Int: 14    God:
Gold:   9          SH:  0    Dex: 12    Spells: 4/5 levels left

rFire   x . .      SeeInvis .   b - +0 falchion
rCold   + . .      Faith    .   (no shield)
rNeg    + + +      Spirit   .   a - +0 robe
rPois   ∞          Reflect  .   (no helmet)
rElec   .          Harm     .   (no cloak)
rCorr   .          Rampage  .   (no gloves)
Will    .....                   (no boots)
Stlth   ++........              (no amulet)
HPRegen 0.04/turn               (no ring)
MPRegen 0.09/turn               (no ring)

@: no status effects
A: cold resistance 1, negative energy resistance 3, torment resistance 2, heat
vulnerability 1, no potions
a: no special abilities


You were on level 1 of the Dungeon.
You visited 1 branch of the dungeon, and saw 1 of its levels.

You collected 9 gold pieces.

Inventory:

Hand Weapons
 b - a +0 falchion (weapon)
Armour
 a - a +0 robe (worn)


   Skills:
 * Level 0.3 Fighting
 + Level 1.6 Dodging
 - Level 1.5 Stealth
 * Level 2.8 Spellcasting
 + Level 4.2 Necromancy


You had 4 spell levels left.
You knew the following spells:

 Your Spells              Type           Power      Damage    Failure   Level
a - Necrotise             Necr           52%        1d6       3%          1

Your spell library contained the following spells:

 Spells                   Type           Power      Damage    Failure   Level
 Vampiric Draining        Necr           13%        2d6       12%         3
 Animate Dead             Necr           13%        N/A       36%         4
 Agony                    Necr           13%        N/A       71%         5


Dungeon Overview and Level Annotations

Branches:
Dungeon (1/15)

Altars:


Innate Abilities, Weirdness & Mutations

You are immune to poison.
Your flesh is cold resistant. (rC+)
You are immune to negative energy. (rN+++)
You are immune to unholy pain and torment.
You are vulnerable to heat. (rF-)
You do not drink.


Message History

The dead are walking!
The jackal bites your jackal skeleton. The jackal bites your jackal skeleton.
Your jackal skeleton closely misses the jackal.
What are your orders? t - Shout!
Orders for allies: a - Attack new target. r - Retreat! s - Stop attacking. g - Guard the area. f - Follow me.
Anything else - Cancel.
Gang up on whom?
Press: ? - help, Dir - move target, f - jackal
Aim: a jackal (lightly wounded, ally target) Attack!
The jackal bites your jackal skeleton.
Your jackal skeleton closely misses the jackal.
The jackal barely misses your jackal skeleton.
Your jackal skeleton closely misses the jackal.
The jackal barely misses your jackal skeleton.
Your jackal skeleton bites the jackal.
The jackal bites your jackal skeleton.
There is an empty arch of ancient stone here.
You see here a +0 falchion.
b - a +0 falchion
There is an empty arch of ancient stone here.
The jackal barely misses you. The jackal attacks as you move away!
The jackal bites you.
b - a +0 falchion (weapon)
The jackal bites you.
Aiming: Necrotise (safe; 4% risk of failure)
Press: ? - help, Q - select action Shift-Dir - straight line, f/p - jackal
Aim: a jackal (magical condensation, moderately wounded, chance to affect: 83%)
The jackal writhes in agony.
The jackal bites you but does no damage.
You slash the jackal!
You kill the jackal!
The gnoll closely misses you.
You barely miss the gnoll. The gnoll hits you with a +0 spear!
Ouch! That really hurt!
* * * LOW HITPOINT WARNING * * *
The gnoll hits you with a +0 spear!
Ouch! That really hurt!
You die...

... #.. #.. # #..
.# #..### #.#
#####....♣♣.♣####
.....☼⌠.♣..♣♣g@.##
♣.♣.♣∩.∩§♣♣°§# #
♣.♣∩...§♣☼♣♣# #
♣.♣.∩..8..§§♣
..♣.♣∩.......∩♣
#.......8.<.8..♣♣
#.#♣♣.∩[......∩.♣♣#
♣.♣♣∩..8..∩.♣..#
#.♣♣☼∩...∩♣.♣♣##


You could see a gnoll.

Vanquished Creatures
  3 jackals (D:1)
  A kobold (D:1)
  A quokka (D:1)
5 creatures vanquished.

Notes
Turn   | Place    | Note
-------+----------+-------------------------------------------
     0 | D:1      | jimonade the Mummy Necromancer began the quest for the Orb.
     0 | D:1      | Reached XP level 1. HP: 13/13 MP: 4/4
   122 | D:1      | Mangled by a gnoll

Illustrated notes

Levels and vault maps discovered:
D:1:      heliophobic_arrival_enchanted_forest, layout_loops_ring,
          ebering_ecumenical_altar_ruins

Action                   || total
-------------------------++-------
Melee: Falchion          ||     2
 Cast: Necrotise         ||     8
Armor: Robe              ||     1
Dodge: Dodged            ||     5

Table legend: (Time is in decaauts)
 A = Elapsed time spent in this place.
 B = Non-inter-level travel time spent in this place.
 C = Inter-level travel time spent in this place.
 D = Time resting spent in this place.
 E = Time spent auto-exploring this place.
 F = Levels seen in this place.
 G = Mean time per level.
                   A        B        C        D        E       F      G
               +--------+--------+--------+--------+--------+-----+--------+
         Total |    121 |    121 |      0 |      0 |     72 |   1 |  121.0 |
       Dungeon |    121 |    121 |      0 |      0 |     72 |   1 |  121.0 |
               +--------+--------+--------+--------+--------+-----+--------+

Top non-repeatable levels by time:
     D:1: 121 daAuts
